 Dungeon Crawl Stone Soup version 0.31.0-11-ge490571c62 (webtiles) character file.

Game seed: 6637399839937965064

1300 stipulation the Purveyor of Pain (level 8, 0/33 (36) HPs)
             Began as a Vine Stalker Necromancer on Jan 28, 2024.
             Was an Initiate of Kikubaaqudgha.
             Slain by a gnoll sergeant
             ... wielding a +0 spear
              (9 damage)
             ... on level 6 of the Dungeon.
             The game lasted 00:08:33 (6090 turns).

stipulation the Purveyor of Pain (VSNe)             Turns: 6090, Time: 00:08:34

HP:   0/33 (36)     AC:  3    Str: 12    XL:     8   Next: 57%
MP:   0/19          EV: 12    Int: 17    God:    Kikubaaqudgha [......]
Gold: 404           SH:  0    Dex: 14    Spells: 9/21 levels left

rFire   . . .        m - +1 dagger (venom)
rCold   . . .        (no shield)
rNeg    . . .        a - +0 robe
rPois   +            p - +0 helmet
rElec   .            (no cloak)
rCorr   .            (no gloves)
SInv    .            (no boots)
Will    +....        (no amulet)
Stlth   ++           g - ring of poison resistance
HPRegen 1.05/turn    (no ring)
MPRegen 0.16/turn

%: guardian spirit
@: drained
A: fangs 3, regeneration 1, magic shield, antimagic bite, no potion heal 2
a: Renounce Religion


You were on level 6 of the Dungeon.
You worshipped Kikubaaqudgha.
Kikubaaqudgha was noncommittal.
You visited 2 branches of the dungeon, and saw 7 of its levels.

You collected 404 gold pieces.

Inventory:

Hand Weapons
 m - a +1 dagger of venom (weapon)
Armour
 a - a +0 robe (worn)
 p - a +0 helmet (worn)
Jewellery
 g - a ring of poison resistance (left hand)
Wands
 b - a wand of quicksilver (4)
 q - a wand of roots (23)
Scrolls
 e - a scroll of acquirement {unknown}
 f - 2 scrolls of brand weapon
 j - a scroll of butterflies {unknown}
 k - a scroll of fear {unknown}
 n - 3 scrolls of teleportation
 s - a scroll of revelation {unknown}
 t - 2 scrolls of amnesia
 u - a scroll of noise {unknown}
 w - a scroll of enchant weapon {unknown}
Potions
 c - a potion of mutation {unknown}
 d - a potion of heal wounds {unknown}
 h - 2 potions of brilliance {unknown}
 l - 4 potions of curing
 o - a potion of attraction {unknown}
 r - a potion of haste {unknown}
 v - a potion of degeneration {unknown}
 x - a potion of enlightenment {unknown}


   Skills:
 - Level 1.5 Dodging
 - Level 2.4 Stealth
 + Level 7.3 Spellcasting
 + Level 8.1 Necromancy
 + Level 2.0 Translocations


You had 9 spell levels left.
You knew the following spells:

 Your Spells              Type           Power      Damage    Failure   Level
a - Necrotise             Necr           100%       1d9       1%          1
b - Vampiric Draining     Necr           33%        2d8       1%          3
c - Animate Dead          Necr           33%        N/A       4%          4
d - Blink                 Tloc           26%        N/A       8%          2
e - Cigotuvi's Dreadful   Necr/Alch/Air  30%        N/A       5%          2

Your spell library contained the following spells:

 Spells                   Type           Power      Damage    Failure   Level
 Fugue of the Fallen      Necr           33%        N/A       1%          3
 Kiss of Death            Conj/Necr      80%        2d11      2%          1
 Lesser Beckoning         Tloc           26%        N/A       8%          2
 Momentum Strike          Conj/Tloc      18%        3d8       11%         2
 Curse of Agony           Necr           33%        N/A       11%         5
 Freeze                   Ice            24%        1d4       12%         1
 Shock                    Conj/Air       24%        1d4       12%         1
 Slow                     Hex            24%        N/A       12%         1
 Scorch                   Fire           12%        2d5       17%         2
 Confusing Touch          Hex            6%         N/A       34%         3
 Frozen Ramparts          Ice            12%        1d2       34%         3
 Hailstorm                Conj/Ice       6%         3d5       34%         3
 Sigil of Binding         Hex            6%         N/A       34%         3
 Swiftness                Air            6%         N/A       34%         3
 Passage of Golubria      Tloc           13%        N/A       43%         4
 Airstrike                Air            3%         2d(1-17)  75%         4
 Flame Wave               Conj/Fire      6%         2d5       75%         4
 Silence                  Hex/Air        3%         N/A       97%         5
 Summon Cactus Giant      Summ           3%         N/A       100%        6
 Lehudib's Crystal Spear  Conj/Erth      3%         10d2      100%        8


Dungeon Overview and Level Annotations

Branches:
Dungeon (6/15)             Temple (1/1) D:4

Altars:
Ashenzari
Cheibriados
Dithmenos
Elyvilon
Fedhas
Gozag
Hepliaklqana
Kikubaaqudgha
Makhleb
Nemelex Xobeh
Okawaru
Qazlal
Ru
Sif Muna
Trog
Uskayaw
Vehumet
Wu Jian
Xom
Zin
The Shining One

Shops:
D:5 =

Annotations:
D:3 1 runed translucent door, Crazy Yiuf


Innate Abilities, Weirdness & Mutations

You have razor-sharp teeth.
Your natural rate of healing is unusually fast.
When hurt, damage is shared between your health and your magic reserves.
Your bite disrupts and absorbs the magic of your enemies.
Potions cannot restore your health.


Message History

You feel life coursing into your body.
Your Translocations skill increases to level 2!
You see here an iguana corpse.
You now have 404 gold pieces (gained 17).
There is an open door here.
You open the door.
There is an open door here.
You see here a wand of digging (6).
You open the door.
A gnoll sergeant and 3 gnolls come into view.
The gnoll shouts! x3
A gnoll comes into view. It is wielding a +0 whip.
A gnoll comes into view. It is wielding a +0 club.
The gnoll shouts!
There are monsters nearby!
There are monsters nearby!
There are monsters nearby!
The gnoll sergeant shouts!
The gnoll barely misses you. The gnoll attacks as it pursues you!
The gnoll closely misses you. The gnoll attacks as it pursues you!
The gnoll barely misses you. The gnoll attacks as it pursues you!
The gnoll closely misses you. The gnoll attacks as it pursues you!
The gnoll hits you from afar with a +0 halberd!
The gnoll hits you from afar with a +0 halberd!
The gnoll shouts!
The gnoll hits you from afar with a +0 halberd!
The gnoll sergeant hits you from afar with a +0 spear!
The gnoll attacks as it pursues you!
The gnoll hits you from afar with a +0 halberd!
* * * LOW HITPOINT WARNING * * *
The gnoll sergeant hits you from afar with a +0 spear.
* * * LOW HITPOINT WARNING * * *
Casting: Vampiric Draining (safe; 1% risk of failure)
Confirm with . or Enter, or press ? or * to list all spells.
A part of your flesh rots into a cloud of miasma!
You feel drained.
The gnoll sergeant hits you from afar with a +0 spear!
You die...
Kikubaaqudgha rasps: "You have failed me!
Welcome... death!"

#.##..........##.......
#.............#........
#####........##.......†
###......#.....8...
###...##.........
###.'..........
########### #####........
#.........#########......
#.......@.........###...#
#.......#...........###.#
#.....gg######...##..##.#
#.........gg.#...##..##..
#............######..'...
............g.....#..##..
.............g....#####..
.###+#####'##.........#..
#....#.........#..


You could see a gnoll sergeant and a gnoll.

Vanquished Creatures
  Sigmund (D:4)
  A black bear (D:5)
  A sky beast (D:6)
  2 centaurs
  A phantom (D:4)
  3 scorpions
  2 hounds
  2 bombardier beetles
  3 iguanas
  Ijyb (D:4)
  Robin (D:3)
  7 adders
  8 gnolls
  2 river rats (D:4)
  A white imp (D:6)
  A ribbon worm (D:2)
  16 orcs
  4 bats
  6 endoplasms
  3 giant cockroaches
  9 hobgoblins
  9 jackals
  5 quokkas
  7 ball pythons
  16 goblins
  4 kobolds
  8 rats
124 creatures vanquished.

Vanquished Creatures (collateral kills)
  3 goblins
  2 hobgoblins
  3 jackals
  A ball python (D:3)
  A bat (D:1)
10 creatures vanquished.

Grand Total: 134 creatures vanquished

Notes
Turn   | Place    | Note
-------+----------+-------------------------------------------
     0 | D:1      | stipulation the Vine Stalker Necromancer began the quest
                  | for the Orb.
     0 | D:1      | Reached XP level 1. HP: 9/9 MP: 4/4
    81 | D:1      | Reached XP level 2. HP: 12/13 MP: 0/6
   407 | D:1      | Reached XP level 3. HP: 16/16 MP: 0/8
   874 | D:1      | Learned a level 3 spell: Vampiric Draining
  1161 | D:2      | Reached XP level 4. HP: 21/21 MP: 7/10
  1258 | D:2      | Found an ancient bone altar of Kikubaaqudgha.
  1596 | D:3      | Noticed Robin
  1698 | D:3      | Reached skill level 5 in Necromancy
  2087 | D:3      | Reached XP level 5. HP: 24/24 MP: 7/11
  2092 | D:3      | Killed Robin
  2774 | D:3      | Found a runed translucent door.
  2775 | D:3      | Noticed Crazy Yiuf
  2845 | D:3      | Found a faded altar of an unknown god.
  3130 | D:4      | Noticed Sigmund
  3242 | D:4      | Noticed a phantom
  3310 | D:4      | Killed a phantom
  3311 | D:4      | Reached XP level 6. HP: 28/28 MP: 4/14
  3529 | D:4      | Reached skill level 6 in Necromancy
  3612 | D:4      | Found a stormy altar of Qazlal.
  3612 | D:4      | Found a shimmering blue altar of Sif Muna.
  3704 | D:4      | Reached skill level 5 in Spellcasting
  4148 | D:4      | Killed Sigmund
  4149 | D:4      | Reached XP level 7. HP: 32/32 MP: 5/16
  4262 | D:4      | Found a staircase to the Ecumenical Temple.
  4262 | D:4      | Noticed Ijyb
  4271 | D:4      | Killed Ijyb
  4276 | Temple   | Entered the Ecumenical Temple
  4295 | Temple   | Became a worshipper of Kikubaaqudgha
  4434 | D:5      | Entered Level 5 of the Dungeon
  4440 | D:5      | Learned a level 4 spell: Animate Dead
  4513 | D:5      | Reached skill level 7 in Necromancy
  4886 | D:5      | Found Hoqauriw's Jewellery Emporium.
  4899 | D:5      | Gained mutation: You have razor-sharp teeth. [Vine Stalker
                  | growth]
  4899 | D:5      | Reached XP level 8. HP: 29/36 MP: 7/18
  5082 | D:6      | Learned a level 2 spell: Blink
  5397 | D:6      | Reached skill level 1 in Translocations
  5401 | D:6      | Reached skill level 8 in Necromancy
  5705 | D:6      | Reached * piety under Kikubaaqudgha
  5705 | D:6      | Received a gift from Kikubaaqudgha
  5904 | D:6      | Learned a level 2 spell: Cigotuvi's Dreadful Rot
  6090 | D:6      | Slain by a gnoll sergeant

Illustrated notes

Levels and vault maps discovered:
D:1:      dpeg_arrival_arbitrary_b, layout_basic, minmay_distorted
D:2:      layout_rooms, basic_altar
D:3:      layout_basic, hellmonk_ecumenical_altar_leap_of_faith,
          nicolae_elevator_lobby_asterisk, uniq_robin, uniq_crazy_yiuf_cottage
D:4:      layout_cave_pods, gammafunk_temple_overflow_statue,
          lemuel_temple_firewalk_b, portal_sewer_entry_b, uniq_sigmund,
          uniq_ijyb
D:5:      layout_rooms, serial_shops, nicolae_shop_tiny_statue_garden
D:6:      minmay_skewed_foursquare, layout_gridville,
          chequers_serial_rivers_small_3
Temple:   nicolae_temple_bog_church

Skill      XL: |  1  2  3  4  5  6  7  8 |
---------------+-------------------------+-----
Spellcasting   | 3 4 5 6 7 |  7.3
Necromancy     | 5 6 7 8 |  8.1
Translocations | 2 |  2.0
Dodging        | |  1.5
Stealth        | |  2.4

Action                     |  1- 3 |  4- 6 |  7- 9 || total
---------------------------+-------+-------+-------++-------
  Melee: Unarmed           |    16 |     7 |       ||    23
         Bite              |     2 |    15 |    24 ||    41
         Dagger            |       |    37 |    65 ||   102
         Punch             |       |       |     3 ||     3
   Cast: Necrotise         |    58 |   117 |    41 ||   216
         Vampiric Draining |       |       |    17 ||    17
         Cigotuvi's Dreadf |       |       |     1 ||     1
    Use: Potion            |       |       |     1 ||     1
         Scroll            |       |       |     4 ||     4
   Stab: Sleeping          |       |       |     1 ||     1
 Armour: Robe              |    21 |    72 |    92 ||   185
  Dodge: Dodged            |    29 |    53 |    82 ||   164
